 Dungeon Crawl Stone Soup version 0.18-a0-1507-g69458e0 (webtiles) character file.

2545 Oddball22 the Arsonist (level 9, -2/45 HPs)
             Began as a Deep Elf Fire Elementalist on Mar 5, 2016.
             Was a Priest of Sif Muna.
             Slain by a hell hound (12 damage)
             ... on level 8 of the Dungeon.
             The game lasted 00:30:01 (6637 turns).

Oddball22 the Arsonist (Deep Elf Fire Elementalist) Turns: 6637, Time: 00:30:02

Health: -2/45      AC:  7    Str:  5    XL:     9   Next: 30%
Magic:  9/20       EV: 13    Int: 24    God:    Sif Muna [***...]
Gold:   191        SH:  0    Dex: 15    Spells: 7 memorised, 1 level left

rFire  + . .     SeeInvis +     (no weapon)
rCold  . . .     Gourm    .     D - +0 robe (curse)
rNeg   . . .     Faith    .     (no shield)
rPois  .         Spirit   .     (no helmet)
rElec  .         Dismiss  .     (no cloak)
rCorr  .         Reflect  .     g - +0 pair of gloves
SustAt .         Harm     .     (no boots)
MR     .....                    (no amulet)
Stlth  ++........               C - ring of protection from fire
                                e - ring of see invisible

@: not resistant to hostile enchantments, unstealthy
A: iridescent scales 1
a: Channel Energy, Renounce Religion


You were on level 8 of the Dungeon.
You worshipped Sif Muna.
Sif Muna was most pleased with you.
You were hungry.

You visited 1 branch of the dungeon, and saw 9 of its levels.

You collected 191 gold pieces.

Inventory:

Armour
 g - a +0 pair of gloves (worn)
 D - a cursed +0 robe (worn)
Jewellery
 e - a ring of see invisible (left hand)
 x - an uncursed ring of positive energy
 C - a ring of protection from fire (right hand)
Wands
 a - a wand of acid (0/15)
 v - a wand of disintegration (0/24)
 y - a wand of paralysis (11/24)
Scrolls
 d - 5 scrolls of random uselessness
 i - 5 scrolls of identify
 k - 2 scrolls of recharging {unknown}
 m - 4 scrolls of fear {unknown}
 n - a scroll of amnesia {unknown}
 o - 2 scrolls of noise {unknown}
 p - 3 scrolls of magic mapping {unknown}
 q - a scroll of enchant armour {unknown}
 r - 2 scrolls of remove curse {unknown}
 s - a scroll of enchant weapon {unknown}
 E - a scroll of teleportation {unknown}
Potions
 h - a potion of beneficial mutation
 u - a potion of brilliance {unknown}
 A - a potion of flight {unknown}
 B - a potion of ambrosia {unknown}
Books
 b - a book of Flames

   Spells                             Type                      Level
   a - Flame Tongue                   Conjuration/Fire             1
   b - Throw Flame                    Conjuration/Fire             2
   c - Conjure Flame                  Conjuration/Fire             3
   d - Inner Flame                    Hexes/Fire                   3
   e - Sticky Flame                   Conjuration/Fire             4
   f - Fireball                       Conjuration/Fire             5
 w - a book of Spatial Translocations

   Spells                             Type                      Level
   a - Apportation                    Translocation                1
   b - Blink                          Translocation                2
   c - Shroud of Golubria             Charms/Translocation         2
   d - Portal Projectile              Translocation                3
   e - Teleport Other                 Translocation                3
   f - Passage of Golubria            Translocation                4
Comestibles
 c - 5 bread rations
 f - 2 royal jellies
 j - 2 beef jerkies
 t - a slice of pizza
 z - 3 meat rations


   Skills:
 - Level 2.4 Dodging
 - Level 2.4 Stealth
 - Level 6.5 Spellcasting
 + Level 6.5 Conjurations
 + Level 6.7 Hexes
 + Level 3.4 Translocations
 * Level 9.4 Fire Magic


You had one spell level left.
You knew the following spells:

 Your Spells              Type           Power        Failure   Level  Hunger
a - Flame Tongue          Conj/Fire      #####        1%          1    None
b - Throw Flame           Conj/Fire      #####.       1%          2    None
c - Conjure Flame         Conj/Fire      #####...     1%          3    None
d - Inner Flame           Hex/Fire       #####...     1%          3    None
e - Sticky Flame          Conj/Fire      #####...     2%          4    ###....
f - Fireball              Conj/Fire      #####.....   10%         5    #####..
g - Blink                 Tloc           N/A          2%          2    None


Dungeon Overview and Level Annotations

Branches:
Dungeon (9/15)             Temple (0/1) D:6            Lair (0/8) D:8
    Orc: D:9-12

Altars:
Ashenzari
Cheibriados
Elyvilon
Ru
Sif Muna
Trog
Xom

Shops:
D:7 [


Innate Abilities, Weirdness & Mutations

You are partially covered in iridescent scales (AC +4).


Message History

t - Shout!
Orders for allies: a - Attack new target. r - Retreat! s - Stop attacking. w - Wait here. f - Follow me.
Anything else - Stay silent.
Okay, then.
Drink which item? (? for menu, Esc to quit)
You feel better. The hell hound breathes flames at you.
The blast of flame hits you! You resist.
* * * LOW HITPOINT WARNING * * *
Found a black potion.
The hell hound completely misses you.
Found 20 gold pieces.
Drink which item? (? for menu, Esc to quit)
You feel better. The hell hound breathes flames at you.
The blast of flame hits you! The hell hound bites you!
You die...

##..)...##.> ..#
#.......#
.#####...### ###
#.##.##.#
..........#
#####.##.##.#
.#####...##
#...........# .#
##.##
#.###.##.#..#### .#
###
....#.#.........#
.#
#$#.#.........$...
.#
#.#.###....####.##
.## ###@#.###.#h.#
# ..##
#.!.h.....#..# ...#
#.#.#a#####..# ...#
#.#.#.#####..# ...#
# #..........# ≈.##
.........a.........
≈.#
#..##...####..####.
..# #. ##.## ...#
≈.. # #.# ##.#


You could see a hell hound and a worker ant.

Vanquished Creatures
  The ghost of Bzzz the Digger, a novice GrEE (D:4)
  Grinder (D:3)
  A hippogriff (D:8)
  Menkaure (D:6)
  Duvessa (D:4)
  Purgy (D:4)
  3 sky beasts
  A phantom (D:8)
  An ogre (D:8)
  The ghost of Mulkerokala the Firebug, an amateur DrFE (D:3)
  A crocodile (D:8)
  2 centaurs
  Blork the orc (D:5)
  2 big kobolds (D:8)
  Dowan (D:4)
  4 killer bees (D:7)
  A centaur zombie (D:6)
  A hound (D:4)
  A jelly (D:6)
  2 orc wizards (D:8)
  A giant frog skeleton (D:6)
  An iguana (D:4)
  2 worker ants (D:5)
  2 hound zombies (D:6)
  3 worker ant zombies (D:6)
  A gnoll (D:1)
  6 adders
  An adder skeleton (D:4)
  4 worms
  3 dart slugs
  3 giant geckos
  15 orcs
  6 giant cockroaches
  5 goblins
  6 hobgoblins
  16 kobolds
  5 quokkas
  5 bats
  A giant gecko zombie (D:6)
  A quokka zombie (D:6)
  5 rats
120 creatures vanquished.

Vanquished Creatures (others)
  A quokka (D:6)
1 creature vanquished.

Grand Total: 121 creatures vanquished

Notes
Turn   | Place    | Note
--------------------------------------------------------------
     0 | D:1      | Oddball22 the Deep Elf Fire Elementalist began the quest for the Orb.
     0 | D:1      | Reached XP level 1. HP: 10/10 MP: 6/6
   194 | D:1      | Reached XP level 2. HP: 4/15 MP: 2/8
   661 | D:1      | Learned a level 2 spell: Throw Flame
  1481 | D:2      | Reached XP level 3. HP: 19/19 MP: 5/10
  1526 | D:2      | Learned a level 3 spell: Conjure Flame
  1530 | D:2      | Learned a level 3 spell: Inner Flame
  2304 | D:2      | Reached XP level 4. HP: 21/24 MP: 5/12
  2400 | D:3      | Noticed Grinder
  2418 | D:3      | Paralysed by Grinder for 5 turns
  2456 | D:3      | Killed Grinder
  2456 | D:3      | Reached skill level 4 in Fire Magic
  2456 | D:3      | Reached XP level 5. HP: 19/28 MP: 1/15
  2771 | D:3      | Reached XP level 6. HP: 32/32 MP: 11/17
  2777 | D:3      | Learned a level 4 spell: Sticky Flame
  2783 | D:3      | Learned a level 5 spell: Fireball
  2833 | D:3      | Noticed Mulkerokala's ghost (amateur DrFE)
  2873 | D:3      | Gained mutation: You are partially covered in iridescent scales (AC +4). [potion of beneficial mutation]
  3090 | D:3      | Killed Mulkerokala's ghost
  3090 | D:3      | Reached skill level 1 in Hexes
  3090 | D:3      | Reached skill level 5 in Fire Magic
  3390 | D:3      | Found a deep blue altar of Sif Muna.
  3396 | D:3      | Became a worshipper of Sif Muna the Loreminder
  3574 | D:4      | Noticed Duvessa
  3574 | D:4      | Noticed Dowan
  3586 | D:4      | Killed Duvessa
  3586 | D:4      | Reached XP level 7. HP: 36/36 MP: 4/18
  3589 | D:4      | Killed Dowan
  3589 | D:4      | Reached skill level 6 in Fire Magic
  3820 | D:4      | Noticed Bzzz's ghost (novice GrEE)
  3854 | D:4      | Killed Bzzz's ghost
  3854 | D:4      | Reached * piety under Sif Muna
  3902 | D:4      | Noticed Purgy
  3933 | D:4      | Killed Purgy
  3933 | D:4      | Reached skill level 7 in Fire Magic
  4003 | D:4      | Found a bloodstained altar of Trog.
  4044 | D:4      | Found a sacrificial altar of Ru.
  4306 | D:4      | Reached XP level 8. HP: 41/41 MP: 17/19
  4350 | D:5      | Entered Level 5 of the Dungeon
  4450 | D:5      | Reached skill level 5 in Conjurations
  5023 | D:5      | Found a shattered altar of Ashenzari.
  5061 | D:5      | Reached ** piety under Sif Muna
  5061 | D:5      | Reached skill level 5 in Hexes
  5061 | D:5      | Reached skill level 8 in Fire Magic
  5075 | D:5      | Noticed Blork the orc
  5080 | D:5      | Killed Blork the orc
  5285 | D:5      | Found a shimmering altar of Xom.
  5421 | D:5      | Learned a level 2 spell: Blink
  5550 | D:6      | Found a white marble altar of Elyvilon.
  5681 | D:6      | Reached skill level 1 in Translocations
  5786 | D:6      | Found a staircase to the Ecumenical Temple.
  5819 | D:6      | Found a snail-covered altar of Cheibriados.
  5942 | D:6      | Noticed Menkaure
  5955 | D:6      | Killed Menkaure
  6023 | D:7      | Found Kiessah's Antique Armour Boutique.
  6044 | D:7      | Reached *** piety under Sif Muna
  6049 | D:7      | Reached XP level 9. HP: 45/45 MP: 8/20
  6201 | D:8      | Reached skill level 9 in Fire Magic
  6262 | D:8      | Found a staircase to the Lair.
  6637 | D:8      | Slain by a hell hound

Vault maps used:
D:1:      minmay_arrival_up_and_down
D:2:      minmay_cupped
D:3:      overflow_temple_1_default, first_bread, uniq_grinder
D:4:      overflow_temple_1_default, kennysheep_mini, uniq_duvessa, uniq_purgy
D:5:      ashenzari_altar_1, kennysheep_mini_moat, uniq_blork_the_orc
D:6:      slow_altar_2, temple_green, serial_undead, serial_undead_e,
          serial_undead_a, serial_undead_d, serial_undead_b, serial_undead_a,
          serial_undead_a, elyvilon_altar_4, uniq_menkaure
D:7:      nicolae_overflow_hidden_temple, okawaru_altar_gauntlet_db,
          serial_shops, nicolae_shop_crystal, shop, nicolae_shop_behind_doors,
          shop, david_defended_altar_elf
D:8:      minmay_lair_entry_lava, minmay_hollow_rounded_squares
D:9:      lemuel_slime

Skill      XL: |  1  2  3  4  5  6  7  8  9 |
---------------+----------------------------+-----
Spellcasting   | 4 6 |  6.5
Conjurations   | 2 3 4 6 |  6.5
Fire Magic     | 4 5 7 8 9 |  9.4
Hexes          | 2 4 6 |  6.7
Translocations | 2 3 |  3.4
Dodging        | |  2.4
Stealth        | |  2.4

Action                   |  1- 3 |  4- 6 |  7- 9 || total
-------------------------+-------+-------+-------++-------
Melee: Unarmed           |       |       |    14 ||    14
 Cast: Flame Tongue      |    78 |    62 |   173 ||   313
       Conjure Flame     |     1 |     3 |    13 ||    17
       Throw Flame       |       |     9 |     2 ||    11
       Sticky Flame      |       |     3 |     4 ||     7
       Blink             |       |       |    12 ||    12
       Inner Flame       |       |       |     3 ||     3
Evoke: Wand              |       |       |     5 ||     5
  Use: Potion            |       |     1 |     5 ||     6
       Scroll            |       |       |     2 ||     2
 Stab: Paralysed         |       |       |     6 ||     6
  Eat: Chunk             |     4 |       |     4 ||     8
       Meat ration       |       |     1 |       ||     1
       Bread ration      |       |       |     1 ||     1
